 Dungeon Crawl Stone Soup version 0.30-b1-2-g02819fbbbe (webtiles) character file.

Game seed: 10931060150388324192

72 MajorAdolf the Twirler (level 4, -1/39 HPs)
             Began as a Naga Wanderer on Aug 30, 2023.
             Killed from afar by an orc wizard (9 damage)
             ... with a puff of flame
             ... on level 3 of the Dungeon.
             The game lasted 00:01:33 (1785 turns).

MajorAdolf the Twirler (Naga Wanderer)              Turns: 1785, Time: 00:01:33

Health: -1/39      AC: 11    Str: 17    XL:     4   Next: 26%
Magic:  4/4        EV:  7    Int: 10    God:
Gold:   53         SH:  0    Dex: 12    Spells: 3/3 levels left

rFire   . . .        h - +0 dagger (protect)
rCold   . . .        (no shield)
rNeg    . . .        c - +0 scale mail
rPois   +            (no helmet)
rElec   .            (no cloak)
rCorr   .            (no gloves)
SInv    +            (no barding)
Will    .....        (no amulet)
Stlth   +            (no ring)
HPRegen 0.26/turn    (no ring)
MPRegen 0.09/turn

%: no passive effects
@: short of breath, under a protective aura, very slow
A: AC +1, large, see invisible, deformed body, poison resistance, slowness 2,
spit poison 1, naga tail 1
a: Spit Poison


You were on level 3 of the Dungeon.
You visited 1 branch of the dungeon, and saw 3 of its levels.

You collected 53 gold pieces.

Inventory:

Hand Weapons
 a - a +2 quarterstaff
 b - a +0 spear
 h - a +0 dagger of protection (weapon)
Armour
 c - a +0 scale mail (worn)
Jewellery
 i - a ring of protection from fire
Scrolls
 f - a scroll of immolation {unknown}
 g - 2 scrolls of identify {unknown}
 l - a scroll of teleportation {unknown}
 m - a scroll of vulnerability {unknown}
Potions
 d - 2 potions of berserk rage
 e - a potion of curing {unknown}
 j - a potion of heal wounds {unknown}
 k - a potion of cancellation {unknown}


   Skills:
 + Level 2.0 Fighting
 - Level 2.0(3.7) Polearms
 - Level 5.0(5.2) Staves
 + Level 2.2 Armour
 + Level 1.3 Dodging
 + Level 2.7 Stealth


You had 3 spell levels left.
You didn't know any spells.
Your spell library contained the following spells:

 Spells                   Type           Power      Damage    Failure   Level
 Scorch                   Fire           0%         2d5       89%         2
 Ignite Poison            Fire/Tmut/Pois 0%         N/A       98%         3
 Flame Wave               Conj/Fire      0%         2d4       100%        4
 Sticky Flame             Conj/Fire      0%         2d3       100%        4
 Summon Cactus Giant      Summ           0%         N/A       100%        6
 Ignition                 Fire           0%         3d3       100%        8


Dungeon Overview and Level Annotations

Branches:
Dungeon (3/15)

Altars:
Dithmenos


Innate Abilities, Weirdness & Mutations

Your serpentine skin is tough. (AC +1)
You have supernaturally acute eyesight. (SInv)
Armour fits poorly on your strangely shaped body.
Your system is resistant to poisons. (rPois)
You cover ground very slowly.
You can spit poison.
You have a snake-like lower body.


Message History

The orc wizard hits you with a +0 dagger.
You hit the orc wizard but do no damage.
Your weapon exudes an aura of protection.
The orc wizard hits you but does no damage.
You hit the orc wizard but do no damage.
You have got your breath back.
The orc wizard hits you with a +0 dagger.
You hit the orc wizard. Your punch misses the orc wizard.
The orc wizard is lightly wounded.
The orc wizard closely misses you.
You hit the orc wizard.
The orc wizard is moderately wounded.
The orc wizard hits you but does no damage.
You miss the orc wizard.
The orc wizard is moderately wounded.
The orc wizard points at you and mumbles some strange words.
The magic dart hits you.
You hit the orc wizard but do no damage.
The orc wizard is moderately wounded.
The orc wizard gestures at you while chanting.
The magic dart hits you.
The splash of poison hits the orc wizard!
The orc wizard is severely wounded.
The orc wizard points at you and mumbles some strange words.
The magic dart hits you.
You are too injured to fight recklessly!
You are too injured to fight recklessly!
You are too injured to fight recklessly!
You are too injured to fight recklessly!
Unknown command.
You completely miss the orc wizard.
The orc wizard is severely wounded.
The orc wizard gestures at you while chanting.
The puff of flame hits you!
* * * LOW HITPOINT WARNING * * *
You closely miss the orc wizard.
The orc wizard is severely wounded.
The orc wizard gestures at you while chanting.
The puff of flame hits you!
You die...

###########
.......<..#
.########.####
#......#
#.#.##.#
#.#.##.#
#.#.##.#
#.#.##@#
#.#.##o# +
#.#.##S# ..
#.#.##)# ...
##.o..).# ....
##.##o####
<...[####...#.#
>....So.o.o...#
.....####...#.#


You could see an orc wizard and a ball python.

Vanquished Creatures
  An orc wizard (D:3)
  An adder (D:2)
  2 dart slugs
  2 orcs (D:3)
  5 ball pythons
  3 endoplasms
  2 giant cockroaches
  3 goblins
  A hobgoblin (D:1)
  3 kobolds
  A quokka (D:1)
  3 bats
  3 frilled lizards (D:1)
  3 rats
33 creatures vanquished.

Notes
Turn   | Place    | Note
-------+----------+-------------------------------------------
     0 | D:1      | MajorAdolf the Naga Wanderer began the quest for the Orb.
     0 | D:1      | MajorAdolf set off with the following items: a +2
                  | quarterstaff, a +0 spear, a +0 scale mail, a potion of
                  | berserk rage.
     0 | D:1      | Reached XP level 1. HP: 18/18 MP: 1/1
   265 | D:1      | Reached skill level 1 in Stealth
   285 | D:1      | Reached XP level 2. HP: 20/25 MP: 2/2
   646 | D:1      | Found a faded altar of an unknown god.
   973 | D:2      | Reached XP level 3. HP: 31/31 MP: 3/3
  1029 | D:2      | Reached skill level 1 in Dodging
  1537 | D:2      | Found a shadowy altar of Dithmenos.
  1763 | D:3      | Reached XP level 4. HP: 35/39 MP: 4/4
  1785 | D:3      | Killed from afar by an orc wizard

Illustrated notes

Levels and vault maps discovered:
D:1:      giann_horns, layout_basic, shapermc_ecumenical_altar_mp_vishouse,
          serial_park_tiny_2
D:2:      layout_basic, basic_altar, hex_large
D:3:      layout_loops_corners, lemuel_crystal_altar, serial_shops,
          nicolae_shop_rolling_square, gammafunk_ghost_icy

Skill      XL: |  1  2  3 |
---------------+----------+-----
Stealth        | 1 2 |  2.7
Dodging        | 1 |  1.3
Armour         | 2 |  2.2
Fighting       | 2 |  2.0
Polearms       | |  2.0
Staves         | |  5.0

Action                     |  1- 3 |  4- 6 || total
---------------------------+-------+-------++-------
  Melee: Quarterstaff      |    33 |       ||    33
         Dagger            |    45 |     9 ||    54
Ability: Spit Poison       |    11 |     4 ||    15
 Armour: Scale mail        |    31 |     2 ||    33
  Dodge: Dodged            |    29 |     1 ||    30
